AoeStats
← laichzeit53

Black Forest

509426598Analyzed
2v2 RM · 4d ago on Sep 26, 2026· 63m 13s· 4 players
Game mode
Random Map
Map size
Medium (4 player)
Population
200
Speed
Normal
Resources
Standard
Victory
Conquest
Starting age
Dark Age
Ending age
Imperial Age
RankedLock teamsTeams togetherTeam positionsShared explorationLock speedFull tech treeHidden civsTurbo modeCheats
Victory
Defeat
🇿🇦 Franks · South Africa
496
+12
🇲🇽 Lithuanians · Mexico
451
+14
🇺🇸 Huns · United States
467
-16
🇨🇦 Vikings · Canada
337
-10
GhastlyAtom246
0:53 Loom
15:22 Feudal Age
16:46 Double-Bit Axe
18:21 Gold Mining
20:09 Forging
24:07 Wheelbarrow
24:34 Fletching
25:38 Scale Barding Armor
26:32 Scale Mail Armor
28:29 Stone Mining
32:59 Castle Age
31:49 Horse Collar
32:32 Padded Archer Armor
33:47 Pikeman
34:26 Bodkin Arrow
35:11 Iron Casting
35:32 Bow Saw
38:59 Fortified Wall
41:05 Chain Barding Armor
44:02 Chain Mail Armor
45:42 Thumb Ring
47:59 Treadmill Crane
51:50 Imperial Age
50:13 Bodkin Arrow
52:41 Hand Cart
53:51 Two-Man Saw
53:00 Bracer
53:24 Fervor
53:33 Elite Leitis
59:30 Heavy Cavalry Archer
laichzeit53
5:33 Loom
9:27 Feudal Age
10:11 Double-Bit Axe
11:04 Wheelbarrow
17:25 Town Watch
17:48 Man-at-Arms
21:38 Castle Age
22:35 Bow Saw
25:22 Scale Barding Armor
25:18 Scale Mail Armor
25:29 Forging
25:09 Fletching
25:20 Padded Archer Armor
29:45 Gold Mining
29:49 Stone Mining
30:55 Hand Cart
31:04 Chain Barding Armor
36:24 Husbandry
35:45 Light Cavalry
36:17 Pikeman
36:58 Squires
40:54 Iron Casting
41:39 Guard Tower
42:00 Masonry
42:01 Fortified Wall
42:12 Ballistics
41:33 Treadmill Crane
41:50 Murder Holes
42:23 Town Watch
43:37 Light Cavalry
44:42 Caravan
47:24 Imperial Age
45:31 Ordonnance Companies
50:33 Chivalry
52:05 Chemistry
50:50 Arrowslits
51:36 Architecture
51:14 Capped Ram
53:19 Cavalier
55:12 Chivalry
57:51 Plate Barding Armor
57:31 Chain Mail Armor
QuintinStreet
0:29 Loom
16:52 Feudal Age
21:05 Double-Bit Axe
21:05 Horse Collar
25:01 Forging
24:51 Scale Mail Armor
24:57 Scale Barding Armor
24:53 Padded Archer Armor
24:44 Fletching
25:40 Stone Mining
25:40 Gold Mining
30:40 Castle Age
30:40 Man-at-Arms
31:06 Arson
34:00 Squires
33:21 Pikeman
33:22 Long Swordsman
33:31 Elite Skirmisher
33:32 Crossbowman
33:40 Light Cavalry
35:33 Bow Saw
35:38 Heavy Plow
39:40 Town Watch
42:01 Gold Shaft Mining
45:57 Imperial Age
43:29 Town Patrol
46:00 Iron Casting
45:41 Chain Mail Armor
45:43 Leather Archer Armor
49:23 Two-Handed Swordsman
51:41 Chemistry
50:32 Heated Shot
55:31 Cavalier
mmohamed2397
0:35 Loom
14:42 Feudal Age
16:20 Wheelbarrow
15:39 Double-Bit Axe
15:45 Horse Collar
16:18 Gold Mining
17:22 Stone Mining
18:34 Bloodlines
27:29 Castle Age
28:16 Husbandry
28:21 Squires
28:22 Pikeman
29:58 Hand Cart
29:47 Heavy Plow
30:00 Bow Saw
30:28 Gold Shaft Mining
30:27 Scale Barding Armor
31:35 Chain Barding Armor
31:46 Forging
32:04 Scale Mail Armor
31:55 Fletching
32:48 Padded Archer Armor
43:07 Imperial Age
42:11 Iron Casting
42:47 Scale Mail Armor
44:15 Cavalier
44:56 Husbandry
53:10 Parthian Tactics
54:45 Paladin
Connection lost

Rejoining the realm…

Still unreachable

The connection could not be restored.

Session expired

The server has moved on; the page needs a fresh start.